Unix NetHack Version 3.7.0-88 Work-in-progress - last build Jul 17 2023 12:26:22 (ff3987481174382ea04ebda72e34ac83a40b9a22,branch:master). Game began 2023-07-19 17:56:53, ended 2023-07-22 11:47:51. stenno, neutral female human Tourist ---------- |.........# |).)...d.| |...d..<..# |.....d..| |........| |.....W..| ---------- Stenno the Excursionist St:14 Dx:16 Co:14 In:13 Wi:7 Ch:15 Neutral Dlvl:8 $:160 HP:0(63) Pw:31(31) AC:0 Exp:8 T:4550 Latest messages: The barrow wight touches you! You're covered in frost! The blast of frost hits you! The dog bites the barrow wight. The barrow wight swings his long sword at the dog. The barrow wight misses the dog. The barrow wight hits the dog. The barrow wight misses the dog. The barrow wight swings his long sword. The barrow wight hits! The barrow wight points at you, then curses. The barrow wight hits! The barrow wight touches you! You avoid harm. What do you want to zap? [rJZ or ?*] J In what direction? . Gee! All of a sudden, you can't see yourself. The barrow wight swings his long sword. The barrow wight misses! The barrow wight points at you, then curses. The barrow wight misses! The barrow wight touches you! You avoid harm. The winter wolf cub breathes frost! The blast of frost hits you! The blast of frost bounces! The blast of frost hits the barrow wight. The blast of frost hits you! The barrow wight swings his long sword. The barrow wight hits! The barrow wight points at you, then curses. The barrow wight hits! The barrow wight touches you! You avoid harm. The barrow wight strikes at thin air! The barrow wight points and curses in your general direction. The winter wolf cub breathes frost! The blast of frost hits you! The blast of frost bounces! The barrow wight throws a knife! A knife misses you. The winter wolf cub breathes frost! The blast of frost hits you! You hear the howling of the CwnAnnwn... The blast of frost bounces! The blast of frost hits you! The air crackles around the barrow wight. It bites! You die... Do you want your possessions identified? [ynq] (y) q Inventory: Coins $ - 160 gold pieces Amulets b - an uncursed amulet of unchanging Weapons q - 3 uncursed +4 darts (at the ready) w - 9 uncursed +2 darts N - 3 blessed +0 daggers (wielded) Armor K - a blessed +1 dwarvish iron helm named I KILLED MY PET (being worn) z - an uncursed +0 pair of leather gloves (being worn) L - an uncursed +0 pair of iron shoes (being worn) M - an uncursed +1 dwarvish cloak (being worn) k - an uncursed +0 Hawaiian shirt with a ukulele motif (being worn) v - an uncursed +0 studded leather armor (being worn) Comestibles P - 2 uncursed food rations d - an uncursed fortune cookie c - an uncursed tripe ration X - an uncursed lizard corpse Scrolls o - a blessed scroll of confuse monster O - an uncursed scroll of enchant armor a - a cursed scroll of fire Q - a cursed scroll of gold detection e - an uncursed scroll of light s - an uncursed scroll of light i - a blessed scroll of magic mapping y - an uncursed scroll of magic mapping Potions H - a cursed potion of gain ability E - an uncursed potion of hallucination h - an uncursed potion of restore ability I - an uncursed potion of see invisible G - an uncursed diluted potion of sickness x - a potion of holy water t - an uncursed potion of water W - an uncursed potion of water Rings S - an uncursed ring of cold resistance B - an uncursed ring of fire resistance R - an uncursed ring of free action Y - an uncursed ring of sustain ability Wands J - an uncursed wand of make invisible (0:1) Z - an uncursed wand of polymorph (0:7) r - an uncursed wand of speed monster (0:5) Tools D - an uncursed can of grease (0:13) m - an uncursed credit card A - an uncursed lock pick j - an uncursed magic whistle f - an uncursed oil lamp (lit) u - an uncursed +0 unicorn horn (alternate weapon; not wielded) Gems/Stones V - an uncursed amethyst stone T - an uncursed emerald C - an uncursed garnet stone n - an uncursed worthless piece of blue glass p - 2 uncursed worthless pieces of violet glass U - an uncursed worthless piece of white glass Stenno the Tourist's attributes: Background: You were an Excursionist, a level 8 female human Tourist. You were neutral, on a mission for The Lady who was opposed by Blind Io (lawful) and Offler (chaotic). You were in the Dungeons of Doom, on level 8. You entered the dungeon 4550 turns ago. You had 1433 experience points, 1127 more were needed to attain level 9. Basics: You had 0 out of 63 hit points. You had all 31 energy points (spell power). Your armor class was 0. Your wallet contained 160 zorkmids. Autopickup was on for '$/=?!' plus thrown. Final Characteristics: Your strength was 14 (limit:18/100). Your dexterity was 16 (limit:18). Your constitution was 14 (limit:18). Your intelligence was 13 (limit:18). Your wisdom was 7 (peak:9, limit:18). Your charisma was 15 (limit:18). Final Status: You were not hungry. You were unencumbered. You were wielding daggers. You had basic skill with dagger. Final Attributes: You were piously aligned. You were telepathic. You were invisible. You were warded. You were lucky. You are dead. Miscellaneous: You disabled loading of bones levels. Total elapsed playing time was 40 minutes and 17 seconds. Major events: Turn 1: stenno the neutral female human Tourist entered the dungeon 863: attained the rank of Sightseer (level 3) 962: entered the Gnomish Mines 1545: reached Mine Town 1626: attained the rank of Excursionist (level 6) 4550: killed by an invisible winter wolf cub Vanquished creatures: a small mimic 3 leprechauns an iron piercer a giant spider a gnome ruler an owlbear a lizard a white unicorn a raven a gnome mummy a fire ant a water nymph 3 rock piercers a fog cloud 2 yellow lights 4 gnome leaders 2 gnomish wizards 2 gray oozes an elf zombie 3 giant ants 2 floating eyes a kitten 5 dwarves a homunculus a kobold leader 4 rothes a rabid rat a giant bat a wererat a werejackal an iguana 14 killer bees an acid blob a gas spore a hobbit 6 manes a large kobold a hobgoblin a red mold 22 gnomes a garter snake 2 gnome zombies 2 geckos 5 jackals a fox 3 kobolds 4 goblins a sewer rat 6 grid bugs a bat 2 lichens 2 kobold zombies 3 newts 132 creatures vanquished. No species were genocided or became extinct. Voluntary challenges: You read items or engraved 12 times. You never engraved Elbereth. You never genocided any monsters. You never polymorphed an object. You never changed form. You used no wishes. Achievements: You entered a shop. You attained the rank of Sightseer. You entered the Gnomish Mines. You entered Minetown. You entered a temple. You attained the rank of Excursionist. The Dungeons of Doom: levels 1 to 8 Level 1: A fountain. Level 2: A general store, a fountain. Level 3: A sink. Stairs down to The Gnomish Mines. Level 4: A fountain. Level 5: Level 6: A general store, a fountain. Level 7: Level 8: <- You were here. Final resting place for you, killed by an invisible winter wolf cub. The Gnomish Mines: levels 4 to 6 Level 4: Level 5: Level 6: Many shops, a temple to The Lady, some fountains. Game over: ---------- / \ / REST \ / IN \ / PEACE \ / \ | stenno | | 160 Au | | killed by an | | invisible winter | | wolf cub | | | | 2023 | *| * * * | * _________)/\\_//(\/(/\)/\//\/|_)_______ Aloha stenno the Tourist... You died in The Dungeons of Doom on dungeon level 8 with 6112 points, and 160 pieces of gold, after 4550 moves. You were level 8 with a maximum of 63 hit points when you died.